 Dungeon Crawl Stone Soup version 0.30-a0-585-g93115170b9 (webtiles) character file.

Game seed: 14883807009505239904

835 lunkers the Conjurer (level 7, -1/41 HPs)
             Began as an Octopode Conjurer on Jan 2, 2023.
             Slain by a gnoll
             ... wielding a +0 spear
             ... led by a gnoll bouda
              (6 damage)
             ... on level 5 of the Dungeon.
             The game lasted 00:08:43 (5915 turns).

lunkers the Conjurer (Octopode Conjurer)            Turns: 5915, Time: 00:08:44

Health: -1/41      AC:  1    Str:  6    XL:     7   Next: 98%
Magic:  8/13       EV: 13    Int: 22    God:
Gold:   168        SH:  0    Dex: 11    Spells: 8/14 levels left

rFire   . . .      SeeInvis .    a - +5 short sword (venom)
rCold   . . .      Faith    .    (no shield)
rNeg    . . .      Spirit   .    (helmet restricted)
rPois   .          Reflect  .    k - amulet of the acrobat
rElec   .          Harm     .    (no ring)
rCorr   .          Rampage  .    (no ring)
Will    .....                    (no ring)
Stlth   ++++                     (no ring)
HPRegen 0.26/turn                (no ring)
MPRegen 0.13/turn                (no ring)
                                 (no ring)
                                 (no ring)

@: weakened
A: almost no armour, amphibious, 8 rings, camouflage 1, gelatinous body 1,
(nimble swimmer 1), tentacles
a: no special abilities


You were on level 5 of the Dungeon.
You visited 1 branch of the dungeon, and saw 5 of its levels.

You collected 168 gold pieces.

Inventory:

Hand Weapons
 a - a +5 short sword of venom (weapon)
 c - a +1 dagger
 n - a +4 quarterstaff of chaos
 o - a +4 vampiric hand axe
Jewellery
 f - an amulet of magic regeneration
 k - an amulet of the acrobat (around mantle)
Wands
 r - a wand of paralysis (6)
Scrolls
 d - a scroll of enchant armour
 g - 2 scrolls of poison
 h - a scroll of enchant weapon
 j - a scroll of teleportation
 t - a scroll of identify
 v - a scroll of summoning {unknown}
Potions
 b - 3 potions of flight
 e - 2 potions of degeneration {unknown}
 i - 2 potions of curing {unknown}
 l - a potion of resistance
 m - 2 potions of lignification {unknown}
 p - 2 potions of brilliance {unknown}
 q - 2 potions of mutation
 s - a potion of haste {unknown}
 u - a potion of might {unknown}
 w - a potion of invisibility {unknown}


   Skills:
 - Level 2.0 Dodging
 + Level 6.3 Stealth
 + Level 4.4 Spellcasting
 * Level 7.5 Conjurations


You had 8 spell levels left.
You knew the following spells:

 Your Spells              Type           Power      Damage    Failure   Level
a - Magic Dart            Conj           100%       1d8       1%          1
b - Searing Ray           Conj           74%        2d7       1%          2
c - Dazzling Flash        Conj/Hex       42%        N/A       7%          3

Your spell library contained the following spells:

 Spells                   Type           Power      Damage    Failure   Level
 Fulminant Prism          Conj/Hex       10%        3d8       22%         4
 Iskenderun's Mystic Bla  Conj/Tloc      21%        2d6       22%         4
 Ozocubu's Armour         Ice            4%         N/A       32%         3
 Metabolic Englaciation   Hex/Ice        2%         N/A       96%         5
 Simulacrum               Ice/Necr       2%         N/A       100%        6


Dungeon Overview and Level Annotations

Branches:
Dungeon (5/15)
 Temple: D:4-7

Altars:

Shops:
D:2 :   D:3 *


Innate Abilities, Weirdness & Mutations

You cannot wear most types of armour.
You are amphibious.
You can wear up to eight rings at the same time.
Your skin changes colour to match your surroundings (Stealth+).
Your rubbery body absorbs attacks. (AC +1, EV +1)
((You are camouflaged when in or above water. (Stealth+)))
You have tentacles for arms and can constrict up to eight enemies at once.


Message History

Your magical contamination has completely faded away.
Unknown command.
Unknown command.
You hit the gnoll bouda.
The gnoll bouda looks as sick as possible!
You squeeze the gnoll bouda.
The gnoll bouda is almost dead.
You constrict the gnoll bouda, but do no damage.
The gnoll misses you.
The gnoll bouda hits you with a +0 whip!
* * * LOW HITPOINT WARNING * * *
You closely miss the gnoll. You grab the gnoll.
The gnoll is heavily wounded.
You constrict the gnoll bouda.
You kill the gnoll bouda!
You constrict the gnoll, but do no damage.
The gnoll closely misses you.
Unknown command.
Unknown command.
The gnoll shouts!
You hit the gnoll but do no damage. You squeeze the gnoll.
The gnoll is severely wounded.
You constrict the gnoll. The gnoll misses you. The gnoll closely misses you.
Unknown command.
Unknown command.
You hit the gnoll.
The gnoll is poisoned.
You grab the gnoll. You squeeze the gnoll.
The gnoll is heavily wounded.
You constrict the gnoll. x2; The gnoll is no longer blind.
The gnoll is no longer moving quickly.
The gnoll closely misses you. The gnoll hits you with a +0 whip.
* * * LOW HITPOINT WARNING * * *
The gnoll hits you with a +0 club!
* * * LOW HITPOINT WARNING * * *
You hit the gnoll.
You kill the gnoll!
You constrict the gnoll, but do no damage.
The gnoll is no longer moving quickly.
The gnoll hits you from afar with a +0 spear.
You die...

..# ###.###### ## #.#
##.#.# # ##.##.# ##|...#
#### #$#.#.#.## #.....#
#... #..#.....# ##....#
#.##
#.#...#..######.#.###.##
#.......................
#.....gg#######.########
#.##.##@# ##'## # #)#
##...## #g# ##.....##
#.# ##.......## # ..#
#.........#### ...
+.(.......'... .##
#>........#### .#
##.......## # ##.....##


You could see 3 gnolls.

Vanquished Creatures
  Sigmund (D:2)
  Duvessa (D:4)
  A necrophage (D:5)
  A scorpion (D:5)
  Dowan (D:4)
  Crazy Yiuf (D:2)
  2 orc priests (D:4)
  A gnoll bouda (D:5)
  An iguana (D:5)
  Ijyb (D:4)
  Natasha (twice) (D:3)
  Robin (D:3)
  A gnoll (D:5)
  6 adders
  5 worms
  11 orcs
  4 ball pythons
  8 bats
  9 endoplasms
  A giant cockroach (D:3)
  8 hobgoblins
  6 jackals
  7 kobolds
  5 quokkas
  3 frilled lizards
  16 goblins
  5 rats
109 creatures vanquished.

Vanquished Creatures (others)
  14 plants (D:4)
14 creatures vanquished.

Grand Total: 123 creatures vanquished

Notes
Turn   | Place    | Note
-------+----------+-------------------------------------------
     0 | D:1      | lunkers the Octopode Conjurer began the quest for the Orb.
     0 | D:1      | Reached XP level 1. HP: 11/11 MP: 3/3
   201 | D:1      | Reached XP level 2. HP: 17/17 MP: 0/5
   312 | D:1      | Learned a level 2 spell: Searing Ray
   729 | D:1      | Reached XP level 3. HP: 12/21 MP: 1/6
  1393 | D:2      | Found a runed translucent door.
  1394 | D:2      | Noticed Crazy Yiuf
  1594 | D:2      | Found Iriraal's Book Shop.
  1784 | D:2      | Reached skill level 5 in Conjurations
  1784 | D:2      | Reached XP level 4. HP: 27/27 MP: 2/8
  1801 | D:2      | HP: 1/27 [worm (10)]
  2027 | D:2      | Noticed Sigmund
  2236 | D:3      | Found Ynynocypro's General Store.
  2270 | D:3      | Noticed Robin
  2275 | D:3      | Killed Robin
  2481 | D:3      | Noticed Natasha
  2493 | D:3      | Killed Natasha
  2494 | D:3      | Reached XP level 5. HP: 3/31 MP: 3/9
  4034 | D:4      | Noticed Duvessa
  4333 | D:4      | Noticed Ijyb
  4348 | D:4      | Reached XP level 6. HP: 21/36 MP: 1/10
  4350 | D:4      | Paralysed by Ijyb for 3 turns
  4365 | D:4      | Killed Ijyb
  4366 | D:4      | Reached skill level 6 in Conjurations
  4768 | D:3      | Noticed Natasha
  4775 | D:3      | Killed Natasha
  4887 | D:2      | Killed Sigmund
  4888 | D:2      | Reached skill level 5 in Stealth
  4888 | D:2      | Reached XP level 7. HP: 41/41 MP: 5/12
  5230 | D:2      | Killed Crazy Yiuf
  5394 | D:4      | Noticed Dowan
  5402 | D:4      | Killed Duvessa
  5403 | D:4      | Reached skill level 7 in Conjurations
  5406 | D:4      | Killed Dowan
  5495 | D:5      | Entered Level 5 of the Dungeon
  5748 | D:5      | Learned a level 3 spell: Dazzling Flash
  5915 | D:5      | Slain by a gnoll

Illustrated notes

Levels and vault maps discovered:
D:1:      psy_arrival_statuary, layout_loops_ring, nicolae_wormholes
D:2:      layout_loops_cross, serial_shops, shop, uniq_crazy_yiuf_cottage,
          uniq_sigmund
D:3:      minmay_skewed_foursquare, layout_loops_corners, serial_shops, shop,
          cheibrodos_sewer_entry_bend, minmay_misc_feat_cross, uniq_robin,
          uniq_natasha
D:4:      layout_cave_pools, serial_forest, infiniplex_forest_clump_curved,
          infiniplex_forest_lined_room_2, infiniplex_forest_straight_5,
          infiniplex_forest_lined_corner, infiniplex_forest_end_double,
          infiniplex_forest_clump_C, infiniplex_forest_fountain, uniq_ijyb,
          uniq_duvessa
D:5:      layout_loops_corners

Skill      XL: |  1  2  3  4  5  6  7 |
---------------+----------------------+-----
Stealth        | 3 4 5 6 |  6.3
Conjurations   | 5 6 7 |  7.5
Spellcasting   | 3 4 |  4.4
Dodging        | |  2.0

Action                   |  1- 3 |  4- 6 |  7- 9 || total
-------------------------+-------+-------+-------++-------
Melee: Unarmed           |     3 |       |       ||     3
       Dagger            |    22 |     5 |       ||    27
       Constrict         |     7 |     7 |     9 ||    23
       Tentacles         |     8 |     1 |     9 ||    18
       Hand axe          |       |    21 |     2 ||    23
       Short sword       |       |       |    17 ||    17
       Quarterstaff      |       |       |    11 ||    11
       Punch             |       |       |     1 ||     1
 Cast: Magic Dart        |    58 |   119 |    17 ||   194
       Searing Ray       |     1 |     5 |     1 ||     7
       Dazzling Flash    |       |       |     1 ||     1
Evoke: Wand              |       |       |     2 ||     2
  Use: Scroll            |     3 |     6 |       ||     9
       Potion            |       |     1 |       ||     1
 Stab: Sleeping          |       |     1 |     3 ||     4
       Paralysed         |       |       |    11 ||    11
Armor: Skin              |     4 |     3 |     2 ||     9
Dodge: Dodged            |    19 |    33 |    25 ||    77

Table legend: (Time is in decaauts)
 A = Elapsed time spent in this place.
 B = Non-inter-level travel time spent in this place.
 C = Inter-level travel time spent in this place.
 D = Time resting spent in this place.
 E = Time spent auto-exploring this place.
 F = Levels seen in this place.
 G = Mean time per level.
                   A        B        C        D        E       F      G
               +--------+--------+--------+--------+--------+-----+--------+
         Total |   5937 |   5603 |    334 |      0 |   4806 |   5 | 1187.4 |
       Dungeon |   5937 |   5603 |    334 |      0 |   4806 |   5 | 1187.4 |
               +--------+--------+--------+--------+--------+-----+--------+

Top non-repeatable levels by time:
     D:3: 1702 daAuts
     D:2: 1416 daAuts
     D:4: 1225 daAuts
     D:1: 1173 daAuts
     D:5: 419 daAuts
